 Dungeon Crawl Stone Soup version 0.28.0-53-g5a82cb258f (webtiles) character file.

Game seed: 15778733129770301515

52 jamesp the Conjurer (level 3, 0/26 HPs)
             Began as a Draconian Conjurer on Aug 1, 2022.
             Killed by nerve-wracking pain
             ... invoked by Grinder
              (6 damage)
             ... on level 3 of the Dungeon.
             The game lasted 00:09:27 (3213 turns).

jamesp the Conjurer (Draconian Conjurer)            Turns: 3213, Time: 00:09:28

Health: 0/26       AC:  5    Str:  9    XL:     3   Next: 60%
Magic:  0/7        EV: 12    Int: 18    God:
Gold:   40         SH:  0    Dex: 11    Spells: 4/7 levels left

rFire   . . .      SeeInvis .   j - staff of death
rCold   . . .      Faith    .   (no shield)
rNeg    + . .      Spirit   .   (armour unavailable)
rPois   .          Reflect  .   (helmet restricted)
rElec   .          Harm     .   (no cloak)
rCorr   .          Rampage  .   (no gloves)
Will    .....                   (no boots)
Stlth   ++........              (no amulet)
HPRegen 0.08/turn               (no ring)
MPRegen 0.10/turn               (no ring)

@: no status effects
A: AC +5, unfitting armour, cold-blooded
a: no special abilities


You were on level 3 of the Dungeon.
You visited 1 branch of the dungeon, and saw 3 of its levels.

You collected 40 gold pieces.

Inventory:

Missiles
 c - 35 stones
 f - 49 arrows
Armour
 g - a +0 pair of gloves
Magical Staves
 j - a staff of death (weapon)
Jewellery
 k - a +4 ring of protection
Scrolls
 b - 4 scrolls of identify {unknown}
 d - a scroll of torment {unknown}
 e - a scroll of enchant armour {unknown}
 i - 2 scrolls of vulnerability {unknown}
 l - a scroll of noise {unknown}
 m - a scroll of brand weapon {unknown}
 n - a scroll of fog {unknown}
Potions
 a - a potion of brilliance {unknown}
 h - a potion of attraction {unknown}


   Skills:
 + Level 1.0 Staves
 - Level 2.2 Dodging
 - Level 1.7 Stealth
 + Level 2.6 Spellcasting
 + Level 4.5 Conjurations


You had 4 spell levels left.
You knew the following spells:

 Your Spells              Type           Power      Damage    Failure   Level
a - Magic Dart            Conj           72%        1d6       2%          1
b - Searing Ray           Conj           36%        2d5       4%          2

Your spell library contained the following spells:

 Spells                   Type           Power      Damage    Failure   Level
 Dazzling Flash           Conj/Hex       20%        N/A       21%         3
 Fulminant Prism          Conj/Hex       5%         3d7       56%         4
 Iskenderun's Mystic Bla  Conj/Tloc      10%        2d4       56%         4


Dungeon Overview and Level Annotations

Branches:
Dungeon (3/15)

Altars:

Annotations:
D:3 Grinder


Innate Abilities, Weirdness & Mutations

Your plain brown scales are hard. (AC +5)
You cannot fit into any form of body armour.
You are cold-blooded and may be slowed by cold attacks.


Message History

The quokka bites you.
You closely miss the quokka.
Your tail-slap misses the quokka.
The quokka is moderately wounded.
The quokka bites you. x2
You hit the quokka but do no damage.
The quokka is moderately wounded.
The quokka bites you but does no damage.
You closely miss the quokka.
Your tail-slap misses the quokka.
The quokka is moderately wounded.
The quokka bites you.
You hit the quokka.
The quokka is severely wounded.
The quokka barely misses you.
Grinder blinks!
The quokka bites you but does no damage.
You hit the quokka.
You kill the quokka!
Found a scroll labelled BOWKOU ZIDERIT and a leather armour.
Casting: Magic Dart (safe; 2% risk of failure)
Confirm with . or Enter, or press ? or * to list all spells.
Aiming: Magic Dart (safe; 2% risk of failure)
Press: ? - help, Shift-Dir - straight line, f/p - Grinder
Aim: Grinder (severely wounded, 100% to hit)
The magic dart hits Grinder.
Grinder is severely wounded.
Casting: Magic Dart (safe; 2% risk of failure)
Confirm with . or Enter, or press ? or * to list all spells.
Aiming: Magic Dart (safe; 2% risk of failure)
Press: ? - help, Shift-Dir - straight line, f/p - Grinder
Aim: Grinder (severely wounded, 100% to hit)
The magic dart hits Grinder.
Grinder is almost dead.
You hit Grinder but do no damage.
Grinder is almost dead.
Grinder hits you.
You writhe in agony.
* * * LOW HITPOINT WARNING * * *
You hit Grinder but do no damage. You tail-slap Grinder.
Grinder is almost dead.
Grinder gestures at you. Pain shoots through your body!
You die...

#..###.##.#
#..##..##.### .
#..........†. ..
##.##.####.## ...
#.##.####.# .P[.
#.........## ....?
####..######
#.....##########...####.
....<.5@................
......##########........
..... ##..####.# ....
#...####.# ...
#.....##.# #. #...#.##.#
. ##.##.##.# #.......#
####.####


You could see Grinder.

Vanquished Creatures
  An adder (D:2)
  A worm (D:2)
  3 ball pythons
  4 bats
  3 endoplasms
  A giant cockroach (D:1)
  6 hobgoblins
  2 jackals (D:1)
  4 quokkas
  3 frilled lizards
  4 kobolds (D:2)
  4 rats
36 creatures vanquished.

Vanquished Creatures (others)
  5 plants (D:3)
5 creatures vanquished.

Grand Total: 41 creatures vanquished

Notes
Turn   | Place    | Note
-------+----------+-------------------------------------------
     0 | D:1      | jamesp the Draconian Conjurer began the quest for the Orb.
     0 | D:1      | Reached XP level 1. HP: 14/14 MP: 3/3
   584 | D:1      | Reached XP level 2. HP: 20/20 MP: 1/5
  2045 | D:2      | Reached XP level 3. HP: 26/26 MP: 2/6
  2422 | D:2      | Found a faded altar of an unknown god.
  2971 | D:2      | Learned a level 2 spell: Searing Ray
  3048 | D:3      | Reached skill level 1 in Staves
  3186 | D:3      | Noticed Grinder
  3213 | D:3      | Killed from afar by Grinder

Illustrated notes

Levels and vault maps discovered:
D:1:      lemuel_arrival_tunnels, layout_loops_ring
D:2:      layout_basic, shapermc_ecumenical_altar_mp_vishouse
D:3:      layout_loops_corners, serial_bayou, serial_bayou_shore_b,
          serial_bayou_pond_d, serial_bayou_pond_a, serial_bayou_pond_a,
          minmay_misc_feat_enclosed, uniq_grinder, uniq_natasha

Skill      XL: |  1  2  3 |
---------------+----------+-----
Dodging        | 2 |  2.2
Staves         | 1 |  1.0
Stealth        | |  1.7
Spellcasting   | |  2.6
Conjurations   | |  4.5

Action                   || total
-------------------------++-------
Melee: Unarmed           ||    39
       Staff             ||    70
       Tailslap          ||    12
       Punch             ||     1
 Cast: Magic Dart        ||    81
       Searing Ray       ||     1
 Stab: Sleeping          ||     1
Armor: Skin              ||    47
Dodge: Dodged            ||   102
